 Dungeon Crawl Stone Soup version 0.28.0 (webtiles) character file.

Game seed: 17335320473821398455

737 danielguo94 the Cudgeller (level 7, -1/44 HPs)
             Began as a Gargoyle Fighter on Feb 5, 2022.
             Slain by an orc warrior (7 damage)
             ... on level 5 of the Dungeon.
             The game lasted 00:07:15 (4951 turns).

danielguo94 the Cudgeller (Gargoyle Fighter)        Turns: 4951, Time: 00:07:16

Health: -1/44      AC: 15    Str: 22    XL:     7   Next: 75%
Magic:  0/7        EV:  8    Int:  8    God:
Gold:   218        SH: 13    Dex:  9    Spells: 6/6 levels left

rFire   . . .      SeeInvis .   a - +0 flail
rCold   . . .      Faith    .   d - +5 kite shield of Generosity {Harm}
rNeg    + . .      Spirit   +   b - +0 scale mail
rPois   ∞          Reflect  .   (no helmet)
rElec   +          Harm     +   r - +1 cloak
rCorr   .          Rampage  .   (no gloves)
Will    .....                   l - +0 pair of boots
Stlth   ..........              c - amulet of guardian spirit
HPRegen 0.14/turn               (no ring)
MPRegen 0.10/turn               (no ring)

@: hasted, very quick
A: sickness immunity, AC +4, negative energy resistance 1, electricity
resistance, torment resistance 1, petrification resistance
a: no special abilities


You were on level 5 of the Dungeon.
You visited 2 branches of the dungeon, and saw 6 of its levels.

You collected 218 gold pieces.

Inventory:

Hand Weapons
 a - a +0 flail (weapon)
Missiles
 f - 123 stones (quivered)
 s - 10 poisoned darts
Armour
 b - a +0 scale mail (worn)
 d - the +5 kite shield of Generosity (worn) {Harm}
   (You found it on level 4 of the Dungeon)

   Harm:      It increases damage dealt and taken.
 l - a +0 pair of boots (worn)
 r - a +1 cloak (worn)
Jewellery
 c - an amulet of guardian spirit (around neck)
 u - an amulet of the acrobat
Scrolls
 g - a scroll of vulnerability
 h - a scroll of holy word {unknown}
 k - 2 scrolls of identify {unknown}
 m - a scroll of enchant armour
 n - 2 scrolls of teleportation
 o - a scroll of enchant weapon {unknown}
 p - 2 scrolls of magic mapping {unknown}
 v - a scroll of noise {unknown}
Potions
 e - a potion of heal wounds {unknown}
 i - 2 potions of haste
 j - 2 potions of lignification {unknown}
 q - 3 potions of curing {unknown}
 t - a potion of flight {unknown}


   Skills:
 + Level 4.4 Fighting
 * Level 6.7 Maces & Flails
 + Level 4.7 Armour
 + Level 1.3 Dodging
 + Level 4.0 Shields


You had 6 spell levels left.
You didn't know any spells.
Your spell library contained the following spells:

 Spells                   Type           Power      Damage    Failure   Level
 Static Discharge         Conj/Air       0%         N/A       99%         2
 Dispel Undead            Necr           0%         3d6       100%        4
 Sticky Flame             Conj/Fire      0%         2d3       100%        4
 Fireball                 Conj/Fire      0%         3d3       100%        5
 Starburst                Conj/Fire      0%         6d3       100%        6
 Ignition                 Fire           0%         3d3       100%        8


Dungeon Overview and Level Annotations

Branches:
Dungeon (5/15)             Temple (1/1) D:4

Altars:
Ashenzari
Cheibriados
Dithmenos
Elyvilon
Gozag
Hepliaklqana
Makhleb
Nemelex Xobeh
Qazlal
Ru
Sif Muna
Vehumet
Wu Jian
Xom
Yredelemnul
Zin

Shops:
D:4 (

Annotations:
D:5 Eustachio


Innate Abilities, Weirdness & Mutations

You are immune to sickness and miasma.
Your stone body is resilient. (AC +4)
You are immune to poison.
You resist negative energy. (rN+)
You are resistant to electric shocks. (rElec)
You are resistant to unholy torment.
You are immune to petrification.


Message History

You resist with some effort. You block the orc warrior's attack.
You hit the orc warrior.
The orc warrior is heavily wounded.
The orc throws a stone.
You block the stone.
The orc warrior hits you with a +0 mace!
An orc comes into view. It is wielding a +0 hand axe.
Unknown command.
You are too injured to fight recklessly!
Unknown command.
You are too injured to fight recklessly!
Unknown command.
You are too injured to fight recklessly!
Unknown command.
You are too injured to fight recklessly!
Unknown command.
You closely miss the orc warrior.
The orc warrior is heavily wounded.
The orc warrior hits you with a +0 mace!
* * * LOW HITPOINT WARNING * * *
You barely miss the orc warrior.
The orc warrior is heavily wounded.
The orc hits you but does no damage.
The orc warrior hits you with a +0 mace.
* * * LOW HITPOINT WARNING * * *
You hit the orc warrior but do no damage.
The orc warrior is heavily wounded.
The orc wizard mumbles some strange words.
The orc wizard flickers and vanishes!
Deactivating autopickup; reactivate with Ctrl-A.
You block the orc warrior's attack.
You hit the orc warrior but do no damage.
The orc warrior is heavily wounded.
You barely miss the orc warrior.
The orc warrior is heavily wounded.
You block the orc's attack.
The orc warrior hits you but does no damage.
You hit the orc warrior but do no damage.
The orc warrior is heavily wounded.
The orc warrior hits you with a +0 mace!
You die...

.#8# ..8# .....
#. #...# ####..
#o... ......##...
......#oo#
.?....#@#######
##.......).......
.#
#............####
.#
#.......)).).....
...
#..#####...#.####
###.####.)#
##..##(.#
#.#......# #..##
.## ..#
#.@..####.## .#
..###.#....##.#
##


You could see an orc warrior and 2 orcs.

Vanquished Creatures
  Menkaure (D:5)
  An ice beast (D:4)
  A black bear (D:5)
  A necrophage (D:4)
  A scorpion (D:5)
  2 orc priests
  Jessica (D:3)
  An iguana (D:5)
  Robin (D:3)
  3 gnolls
  2 adders
  2 adder skeletons (D:4)
  2 worms (D:3)
  3 dart slugs
  9 orcs
  4 bats
  6 endoplasms
  3 giant cockroaches
  19 goblins
  6 hobgoblins
  5 jackals (D:3)
  6 quokkas
  4 ball pythons
  2 frilled lizards (D:2)
  6 kobolds
  A rat (D:1)
93 creatures vanquished.

Notes
Turn   | Place    | Note
-------+----------+-------------------------------------------
     0 | D:1      | danielguo94 the Gargoyle Fighter began the quest for the
                  | Orb.
     0 | D:1      | Reached XP level 1. HP: 14/14 MP: 1/1
   455 | D:1      | Reached XP level 2. HP: 10/19 MP: 2/2
   550 | D:1      | Found a faded altar of an unknown god.
  1542 | D:2      | Reached XP level 3. HP: 17/24 MP: 3/3
  1886 | D:2      | Found a hazy altar of Hepliaklqana.
  1940 | D:2      | Found a basalt altar of Yredelemnul.
  2005 | D:2      | Reached skill level 3 in Maces & Flails
  2106 | D:3      | Found an opulent altar of Gozag.
  2189 | D:3      | Noticed Jessica
  2216 | D:2      | Reached XP level 4. HP: 27/29 MP: 4/4
  2238 | D:3      | Noticed Robin
  2519 | D:3      | Killed Robin
  2562 | D:3      | Killed Jessica
  2661 | D:3      | Reached XP level 5. HP: 33/33 MP: 5/5
  2668 | D:3      | Reached skill level 4 in Maces & Flails
  3001 | D:4      | Found a staircase to the Ecumenical Temple.
  3072 | Temple   | Entered the Ecumenical Temple
  3553 | D:4      | Found an ornate altar of the Wu Jian Council.
  3710 | D:4      | Found a sparkling altar of Nemelex Xobeh.
  3731 | D:4      | Found Fiupp's Antique Weapon Boutique.
  3755 | D:4      | Noticed a necrophage
  3765 | D:4      | Killed a necrophage
  3766 | D:4      | Reached skill level 5 in Maces & Flails
  3766 | D:4      | Reached XP level 6. HP: 34/38 MP: 6/6
  3983 | D:4      | Noticed an ice beast
  3994 | D:4      | Killed an ice beast
  3995 | D:4      | Reached skill level 1 in Dodging
  4000 | D:4      | Identified the +5 kite shield of Generosity {Harm}
  4442 | D:5      | Entered Level 5 of the Dungeon
  4455 | D:5      | Noticed a yak
  4456 | D:5      | Noticed a yak
  4456 | D:5      | Noticed a yak
  4457 | D:5      | Noticed a yak
  4462 | D:5      | Reached XP level 7. HP: 24/43 MP: 7/7
  4464 | D:5      | Reached skill level 6 in Maces & Flails
  4713 | D:5      | Found a broken altar of Ashenzari.
  4853 | D:5      | Noticed Eustachio
  4919 | D:5      | Noticed Menkaure
  4927 | D:5      | Killed Menkaure
  4951 | D:5      | Slain by an orc warrior

Illustrated notes

Levels and vault maps discovered:
D:1:      heliophobic_arrival_ceremonial_halls, layout_loops_corners,
          nicolae_ecumenical_lake_church, serial_bayou, serial_bayou_pond_d,
          serial_bayou_lagoon_b, serial_bayou_pond_a, serial_bayou_shore_b,
          minmay_vboxes
D:2:      layout_basic, basic_altar, minmay_misc_feat_diagonals,
          minmay_strange_pillars, kennysheep_flooded_box
D:3:      layout_rooms, mainiacjoe_overflow_cross_hatched, uniq_robin,
          uniq_jessica
D:4:      layout_loops_ring, nemelex_diamond_rough_becter,
          nicolae_wu_jian_wuxing_cycle, minmay_temple_entry_ruins, serial_shops,
          shop, kennysheep_nub, bh_walls_and_bars
D:5:      layout_rooms, evilmike_ruin_ashenzari, grunt_ministairs_7,
          guppyfry_early_orc_mine, uniq_sigmund, uniq_menkaure, uniq_eustachio
Temple:   minmay_temple_forest_path

Skill      XL: |  1  2  3  4  5  6  7 |
---------------+----------------------+-----
Maces & Flails | 3 5 6 |  6.7
Armour         | 4 |  4.7
Fighting       | 4 |  4.4
Dodging        | 1 |  1.3
Shields        | 4 |  4.0

Action                   |  1- 3 |  4- 6 |  7- 9 || total
-------------------------+-------+-------+-------++-------
Melee: Flail             |   127 |   152 |    48 ||   327
  Use: Scroll            |     1 |     3 |       ||     4
       Potion            |       |     1 |     1 ||     2
Armor: Scale mail        |   103 |   114 |    26 ||   243
Dodge: Dodged            |    83 |    92 |    13 ||   188
Block: Buckler           |    30 |    30 |       ||    60
       Kite shield       |       |    10 |    36 ||    46
